 Dungeon Crawl Stone Soup version 0.18-a0-1570-gf60b0ab (webtiles) character file.

23 M4edhros the Poker (level 2, -8/21 HPs)
             Began as an Octopode Chaos Knight on Mar 14, 2016.
             Mangled by an orange demon (10 damage)
             ... summoned by the capriciousness of Xom
             ... on level 1 of the Dungeon.
             The game lasted 00:01:26 (2229 turns).

M4edhros the Poker (Octopode Chaos Knight)          Turns: 2229, Time: 00:01:27

Health: -8/21      AC:  1    Str: 11    XL:     2   Next: 95%
Magic:  2/2        EV: 12    Int: 14    God:    Xom [....*.]
Gold:   90         SH:  0    Dex: 11    Spells: 0 memorised, 1 level left

rFire  . . .     SeeInvis .     a - +0 spear (chaos)
rCold  . . .     Gourm    .     (no shield)
rNeg   . . .     Faith    .     (helmet restricted)
rPois  .         Spirit   .     (no amulet)
rElec  .         Dismiss  .     (no ring)
rCorr  .         Reflect  .     (no ring)
SustAt .         Harm     .     (no ring)
MR     .....                    (no ring)
Stlth  ++........               (no ring)
                                (no ring)
                                (no ring)
                                (no ring)

@: not resistant to hostile enchantments, unstealthy
A: almost no armour, amphibious, 8 rings, constrict 8, camouflage 1, gelatinous
body 1
a: Renounce Religion


You were on level 1 of the Dungeon.
You worshipped Xom.
You were a beloved toy of Xom.
You were hungry.

You visited 1 branch of the dungeon, and saw 1 of its levels.

You collected 90 gold pieces.

Inventory:

Hand Weapons
 a - a +0 spear of chaos (weapon)
Scrolls
 d - 3 scrolls of identify {unknown}
Potions
 c - a potion of flight {unknown}
 e - a potion of magic {unknown}
Comestibles
 b - a bread ration


   Skills:
 - Level 3.0 Fighting
 + Level 4.0 Polearms
 - Level 2.3 Dodging


You had one spell level left.
You didn't know any spells.

Dungeon Overview and Level Annotations

Branches:
Dungeon (1/15)

Altars:


Innate Abilities, Weirdness & Mutations

You cannot wear most types of armour.
You are amphibious.
You can wear up to eight rings at the same time.
You can use your tentacles to constrict eight enemies at once.
Your skin changes colour to match your surroundings (Stealth).
Your rubbery body absorbs attacks (AC +1).


Message History

You closely miss the bat. Your grab misses the bat. The bat barely misses you.
The bat hits you.
* * * LOW HITPOINT WARNING * * *
The bat hits you but does no damage. The bat closely misses you.
The bat hits you.
* * * LOW HITPOINT WARNING * * *
You closely miss the bat. You grab the bat. You constrict the bat.
The bat hits you but does no damage. The bat completely misses you.
You release your grip on the bat.
The bat misses you. The bat barely misses you. The bat misses you.
The bat closely misses you.
You closely miss the bat. Your grab misses the bat.
Your squeeze misses the bat.
The bat is moderately wounded.
The bat hits you but does no damage. The bat hits you but does no damage.
The bat closely misses you. The bat hits you.
* * * LOW HITPOINT WARNING * * *
The bat misses you. The orange demon stings you from afar!
You die...

#.....######### #.#
#.............# #.#
#.............# #######.##
#.##....÷..######.....÷≈..
#.#.............#.........
#.#........####.#.........
#.#........# #.#.........
#.#.###########.#.........
#.#....4b@..).>...........
#.#..#########(...........
#.#..#..........##########
#.#.4#.###........#
#.#..#.###.........# ##
#.#................# #.
#.##.#.###.........# #.
#.##.#.# #.........# #.
#.##.#.# #.........# #.


You could see an orange demon and a bat.

Vanquished Creatures
  A giant gecko (D:1)
  5 bats (D:1)
  2 giant cockroaches (D:1)
  3 goblins (D:1)
  A hobgoblin (D:1)
  4 kobolds (D:1)
  4 rats (D:1)
20 creatures vanquished.

Notes
Turn   | Place    | Note
--------------------------------------------------------------
     0 | D:1      | M4edhros the Octopode Chaos Knight began the quest for the Orb.
     0 | D:1      | Reached XP level 1. HP: 16/16 MP: 1/1
   374 | D:1      | XOM: colour smoke trail
   520 | D:1      | XOM: mild Summ miscast
   521 | D:1      | Noticed an iron imp
   804 | D:1      | XOM: silly message
   829 | D:1      | Reached XP level 2. HP: 21/21 MP: 2/2
  1201 | D:1      | XOM: silly message
  1268 | D:1      | XOM is BORED!
  1268 | D:1      | XOM: noise
  1546 | D:1      | Reached skill level 4 in Polearms
  1550 | D:1      | XOM: mild Air miscast
  2157 | D:1      | XOM is BORED!
  2157 | D:1      | XOM: medium Summ miscast
  2158 | D:1      | Noticed an orange demon
  2229 | D:1      | Mangled by an orange demon

Vault maps used:
D:1:      dpeg_arrival_arbitrary_b

Skill      XL: |  1  2 |
---------------+-------+-----
Polearms       | 4 |  4.0
Fighting       | |  3.0
Dodging        | |  2.3

Action                   || total
-------------------------++-------
Melee: Spear             ||    51
 Stab: Sleeping          ||     2
  Eat: Chunk             ||     3
